 Dungeon Crawl Stone Soup version 0.31-a0-233-g139696dc86 (webtiles) character file.

Game seed: 7986674524089685821

333 pokeman the Magician (level 6, 0/34 HPs)
             Began as a Deep Elf Hedge Wizard on July 9, 2023.
             Slain by a kobold brigand
             ... wielding a +0 whip
              (6 damage)
             ... in a sewer.
             The game lasted 00:06:53 (2756 turns).

pokeman the Magician (Deep Elf Hedge Wizard)        Turns: 2756, Time: 00:06:54

Health: 0/34       AC:  2    Str:  7    XL:     6   Next: 27%
Magic:  8/18       EV: 13    Int: 21    God:
Gold:   125        SH:  0    Dex: 14    Spells: 11/19 levels left

rFire   . . .        j - +2 dagger (venom)
rCold   . . .        (no shield)
rNeg    . . .        b - +0 robe
rPois   .            c - +0 hat
rElec   .            (no cloak)
rCorr   .            (no gloves)
SInv    .            (no boots)
Will    .....        h - amulet of the acrobat
Stlth   ++           (no ring)
HPRegen 0.25/turn    (no ring)
MPRegen 0.16/turn

%: acrobat
@: no status effects
A: no striking features
a: no special abilities


You were in a sewer.
You visited 1 branch of the dungeon, and saw 3 of its levels.
You also visited: Sewer.

You collected 125 gold pieces.

Inventory:

Hand Weapons
 j - a +2 dagger of venom (weapon)
Missiles
 q - 2 curare-tipped darts
Armour
 b - a +0 robe (worn)
 c - a +0 hat (worn)
Jewellery
 h - an amulet of the acrobat (around neck)
Scrolls
 a - a scroll of noise {unknown}
 e - a scroll of fog {unknown}
 f - 3 scrolls of identify {unknown}
 g - a scroll of amnesia {unknown}
 i - a scroll of enchant weapon {unknown}
 o - a scroll of enchant armour {unknown}
 p - a scroll of fear {unknown}
Potions
 d - 3 potions of magic
 k - 2 potions of attraction {unknown}
 l - a potion of curing {unknown}
 m - a potion of haste {unknown}
 n - 2 potions of enlightenment {unknown}
 r - a potion of mutation {unknown}
 s - a potion of invisibility {unknown}


   Skills:
 + Level 1.3 Fighting
 - Level 1.0 Armour
 - Level 3.0 Dodging
 - Level 3.0 Stealth
 * Level 7.0 Spellcasting
 + Level 3.2 Conjurations
 - Level 1.1 Summonings
 - Level 1.1 Translocations
 - Level 1.0 Air Magic
 - Level 1.1 Poison Magic


You had 11 spell levels left.
You knew the following spells:

 Your Spells              Type           Power      Damage    Failure   Level
a - Magic Dart            Conj           84%        1d7       2%          1
b - Mephitic Cloud        Conj/Pois/Air  15%        N/A       12%         3
c - Call Imp              Summ           24%        N/A       9%          2
d - Blink                 Tloc           24%        N/A       9%          2

Your spell library contained the following spells:

 Spells                   Type           Power      Damage    Failure   Level
 Slow                     Hex            28%        N/A       9%          1
 Cigotuvi's Dreadful Rot  Necr/Pois/Air  20%        N/A       10%         2
 Summon Guardian Golem    Hex/Summ       9%         N/A       22%         3
 Inner Flame              Hex/Fire       7%         N/A       26%         3
 Yara's Violent Unravell  Hex/Tmut       3%         3d4       94%         5
 Enfeeble                 Hex            3%         N/A       100%        7
 Orb of Destruction       Conj           10%        9d6       100%        7
 Spellforged Servitor     Conj/Summ      8%         N/A       100%        7


Dungeon Overview and Level Annotations

Branches:
Dungeon (3/15)              Sewer (1/1)

Altars:


Message History

The adder barely misses you.
The adder bites itself.
Unknown command.
The adder is engulfed in noxious fumes.
The adder appears confused.
The adder barely misses you.
The kobold brigand is engulfed in noxious fumes.
The kobold brigand appears confused.
The adder closely misses you.
Unknown command.
You catch the helpless adder completely off-guard!
You puncture the adder!
You kill the adder!
The kobold brigand mumbles something.
Unknown command.
Casting: Mephitic Cloud (quite dangerous; 12% risk of failure)
Confirm with . or Enter, or press ? or * to list all spells.
A tiny devil pulls itself out of the air.
You feel yourself speed up.
The kobold brigand hits your cerulean imp with a +0 whip.
Unknown command.
You hit the kobold brigand.
The kobold brigand is poisoned.
The kobold brigand is lightly wounded.
Your cerulean imp hits the kobold brigand but does no damage.
Unknown command.
You hit the kobold brigand.
The kobold brigand looks as sick as possible!
The kobold brigand is lightly wounded.
Your cerulean imp hits the kobold brigand but does no damage.
Unknown command.
You catch the helpless kobold brigand completely off-guard!
You puncture the kobold brigand!
The kobold brigand looks as sick as possible!
The kobold brigand is heavily wounded.
The kobold brigand ponders the situation.
The kobold brigand hits you with a +0 whip.
* * * LOW HITPOINT WARNING * * *
Your cerulean imp hits the kobold brigand but does no damage.
You catch the helpless kobold brigand completely off-guard!
You puncture the kobold brigand!
The kobold brigand is poisoned.
The kobold brigand is moderately wounded.
The kobold brigand hits you with a +0 whip.
You die...

### .~K~~#####
#~.~~~#######
.r~~~###5K~.~.~## ~. ###
#@~~~~~~~# #~~~~~
~~~~###K~~~...~####~.~~~
#.K~~.####~~~.##~.....
~~~~##### ##..~~.~~~.~~
## ##.~..~~....
#~~...~..∩. #~~~~~~....
#~~~.....∩. #######
##.~........


You could see 2 kobold brigands and a friendly cerulean imp (summoned).

Vanquished Creatures
  2 kobold brigands (Sewer)
  An orc wizard (D:3)
  6 adders
  6 river rats
  3 worms
  A dart slug (D:1)
  3 orcs (D:3)
  5 bats
  An endoplasm (D:1)
  4 goblins
  4 hobgoblins
  3 jackals (D:2)
  5 kobolds
  3 quokkas
  8 ball pythons
  A frilled lizard (D:2)
  11 rats
67 creatures vanquished.

Vanquished Creatures (collateral kills)
  An orc (D:3)
1 creature vanquished.

Grand Total: 68 creatures vanquished

Notes
Turn   | Place    | Note
-------+----------+-------------------------------------------
     0 | D:1      | pokeman the Deep Elf Hedge Wizard began the quest for the
                  | Orb.
     0 | D:1      | Reached XP level 1. HP: 10/10 MP: 7/7
   191 | D:1      | Reached XP level 2. HP: 11/16 MP: 3/9
   714 | D:1      | You fall into a shaft and drop 1 floor!
   721 | D:2      | Reached skill level 5 in Spellcasting
   845 | D:2      | Reached XP level 3. HP: 20/20 MP: 9/11
   850 | D:2      | Learned a level 3 spell: Mephitic Cloud
   853 | D:2      | Learned a level 2 spell: Call Imp
   856 | D:2      | Learned a level 2 spell: Blink
  1413 | D:1      | Reached skill level 1 in Armour
  1621 | D:2      | Reached skill level 1 in Fighting
  2051 | D:3      | Reached XP level 4. HP: 18/25 MP: 8/13
  2193 | D:3      | Reached skill level 6 in Spellcasting
  2193 | D:3      | Reached XP level 5. HP: 29/29 MP: 10/15
  2283 | D:3      | Found a glowing drain.
  2291 | Sewer    | Entered a sewer
  2388 | Sewer    | Reached skill level 1 in Air Magic
  2388 | Sewer    | Reached skill level 1 in Poison Magic
  2530 | Sewer    | Reached XP level 6. HP: 13/34 MP: 11/17
  2748 | Sewer    | Reached skill level 7 in Spellcasting
  2756 | Sewer    | Slain by a kobold brigand

Illustrated notes

Levels and vault maps discovered:
D:1:      psy_arrival_whirlpool, layout_loops_corners
D:2:      layout_rooms, dk_vineyard_3
D:3:      layout_basic, nicolae_uskayaw_suspiria, lightli_sewer_entry_pipes,
          minmay_between, uniq_terence
Sewer:    sewer_co_tree

Skill      XL: |  1  2  3  4  5  6 |
---------------+-------------------+-----
Spellcasting   | 5 6 7 |  7.0
Armour         | 1 |  1.0
Fighting       | 1 |  1.3
Conjurations   | 2 3 |  3.2
Stealth        | 3 |  3.0
Dodging        | 3 |  3.0
Air Magic      | 1 |  1.0
Poison Magic   | 1 |  1.1
Summonings     | |  1.1
Translocations | |  1.1

Action                     |  1- 3 |  4- 6 || total
---------------------------+-------+-------++-------
  Melee: Dagger            |    22 |    58 ||    80
   Cast: Magic Dart        |    81 |    11 ||    92
         Mephitic Cloud    |     1 |    11 ||    12
         Call Imp          |       |     2 ||     2
   Stab: Confused          |     1 |     7 ||     8
         Sleeping          |       |     1 ||     1
 Armour: Robe              |    10 |     3 ||    13
  Dodge: Dodged            |    30 |    38 ||    68

Table legend: (Time is in decaauts)
 A = Elapsed time spent in this place.
 B = Non-inter-level travel time spent in this place.
 C = Inter-level travel time spent in this place.
 D = Time resting spent in this place.
 E = Time spent auto-exploring this place.
 F = Levels seen in this place.
 G = Mean time per level.
                   A        B        C        D        E       F      G
               +--------+--------+--------+--------+--------+-----+--------+
         Total |   2858 |   2811 |     47 |    127 |   2189 |   4 |  714.5 |
       Dungeon |   2321 |   2274 |     47 |    105 |   1754 |   3 |  773.7 |
         Sewer |    537 |    537 |      0 |     22 |    435 |   1 |  537.0 |
               +--------+--------+--------+--------+--------+-----+--------+

Top non-repeatable levels by time:
     D:1: 1295 daAuts
     D:2: 819 daAuts
   Sewer: 537 daAuts
     D:3: 206 daAuts
